 Dungeon Crawl Stone Soup version 0.17.0-15-g6d90897 (webtiles) character file.

1550026 Medar the Protected (level 25, 186/186 HPs)
             Began as a Human Artificer on Nov 10, 2015.
             Was the Champion of Ru.
             Escaped with the Orb
             ... and 3 runes!
             The game lasted 07:31:51 (76946 turns).

Medar the Protected (Human Artificer)              Turns: 76946, Time: 07:31:51

Health: 186/186    AC: 28    Str: 25    XL:     25
Magic:  35/35      EV: 17    Int: 13    God:    Ru [******]
Gold:   1067       SH: 15    Dex: 16    Spells: 13 memorised, 2 levels left

rFire  . . .     SeeInvis .     a - +6 demon blade (freeze)
rCold  + + +     Clarity  .     r - +6 ice dragon armour
rNeg   . . .     SustAt   .     k - +1 shield {rF+}
rPois  .         Gourm    .     I - +1 helmet of the Bulwark {Regen+ Str+4}
rElec  .         Spirit   .     t - +0 cloak {+Inv}
rCorr  +         Warding  .     D - +1 pair of gloves of Fanaticism {rC+ rCorr}
rMut   .         Stasis   .     U - +0 pair of boots "Borim" {rF+ rCorr}
MR     +++..                    s - amulet of regeneration
Stlth  ++........               V - ring of Temeadiu {Wiz *Drain rC+ MR++ Stlth+}
                                O - ring of Shaolin {EV+8}

@: deflect missiles, drained, extremely resistant to hostile enchantments,
unstealthy
A: low mp 1, sense surroundings 1, screaming 1, slow regeneration 1, cowardly,
inability to train dodging, inexperienced 1, temperature sensitive
a: Draw Out Power, Power Leap, Apocalypse, Renounce Religion, Evoke Invisibility
0: Orb of Zot
}: 3/15 runes: barnacled, silver, gossamer


You escaped.
You worshipped Ru.
Ru was exalted by your worship.
You were not hungry.

You visited 9 branches of the dungeon, and saw 53 of its levels.
You visited 1 bazaar.
You also visited: Labyrinth, Ice Cave, Volcano and Wizlab.

You collected 6863 gold pieces.
You spent 5796 gold pieces at shops.

Inventory:

Hand Weapons
 a - a +6 demon blade of freezing (weapon)
 y - the +10 falchion of Eqaomp {slice, Int+4 Dex+3 SInv}
   (You took it off an orc on level 6 of the Dungeon)

   It inflicts extra damage upon your enemies.
   It affects your intelligence (+4).
   It affects your dexterity (+3).
   It lets you see invisible.
Armour
 k - a +1 shield of fire resistance (worn)
 r - a +6 ice dragon armour (worn)
 t - a +0 cloak of invisibility (worn)
 D - the +1 pair of gloves of Fanaticism (worn) {rC+ rCorr}
   (You found it on level 5 of the Depths)

   It protects you from cold.
   It protects you from acid and corrosion.
 E - the +2 cloak of the Solstice {+Blink}
   (You bought it in a shop on level 8 of the Dungeon)

   It lets you blink.
 I - the +1 helmet of the Bulwark (worn) {Regen+ Str+4}
   (You bought it in a shop on level 8 of the Dungeon)

   It affects your strength (+4).
   It increases your rate of regeneration.
 U - the +0 pair of boots "Borim" (worn) {rF+ rCorr}
   (You bought it in a shop on level 8 of the Dungeon)

   It protects you from fire.
   It protects you from acid and corrosion.
Magical Staves
 b - an uncursed staff of wizardry {!a}
Rods
 c - a +3 rod of shadows (13/13) {!a}
   (You took it off a minotaur in a labyrinth)
 d - a +8 rod of shadows (11/11) {!a}
   (You found it on level 12 of the Dungeon)
 z - a +2 rod of destruction (10/10) {!a}
   (You took it off a yaktaur on level 5 of the Vaults)
Jewellery
 h - an uncursed amulet of resist mutation
 s - an amulet of regeneration (around neck)
 O - the ring of Shaolin (left hand) {EV+8}
   (You took it off a black draconian on level 5 of the Depths)

   [ring of evasion]

   It affects your evasion (+8).
 V - the ring of Temeadiu (right hand) {Wiz *Drain rC+ MR++ Stlth+}
   (You bought it in a shop on level 4 of the Orcish Mines)

   [ring of wizardry]

   It improves your spell success rate.
   It protects you from cold.
   It affects your resistance to hostile enchantments.
   It causes draining when unequipped.
   It makes you more stealthy.
 Y - the ring "Jeurogea" {rPois rF+ Dex+3 Stlth+}
   (You found it on level 8 of the Lair of Beasts)

   [ring of poison resistance]

   It affects your dexterity (+3).
   It protects you from fire.
   It protects you from poison.
   It makes you more stealthy.
 Z - the amulet of the Air {Inacc +Fly rElec EV+5 RMsl}
   (You found it on level 3 of the Vaults)

   [amulet of inaccuracy]

   It reduces the accuracy of all your attacks.
   It affects your evasion (+5).
   It insulates you from electricity.
   It lets you fly.
   It protects you from missiles.
Wands
 B - a wand of paralysis (12)
 C - a wand of cold (1)
 N - a wand of disintegration (9)
 X - a wand of draining (0)
Scrolls
 p - 18 scrolls of remove curse {@r1}
 v - a scroll of silence {!r}
 x - 5 scrolls of fear
 A - 3 scrolls of fog
 F - a scroll of enchant weapon
 J - a scroll of teleportation
 K - 2 scrolls of summoning
 M - 3 scrolls of recharging
 R - 3 scrolls of blinking
 S - 6 scrolls of identify {@r2}
Potions
 e - 2 potions of invisibility
 i - 2 potions of might
 j - 4 potions of berserk rage {!q}
 l - a potion of haste
 n - 4 potions of flight
 u - 2 potions of cancellation
 G - 9 potions of curing {@q1}
 H - 5 potions of agility
 P - 2 potions of brilliance
 T - 3 potions of heal wounds
 W - a potion of magic
Miscellaneous
 q - a sack of spiders {used: 12}
 w - a fan of gales (inert)
 Q - a phial of floods (inert)
Comestibles
 f - 5 bread rations {@e1}
 m - 14 fruits {@e3}


   Skills:
 - Level 12.8(12.4) Fighting
   Level 12.8(14.4) Short Blades
 - Level 12.8(14.4) Long Blades
   Level 4.9(5.3) Axes
 + Level 4.0(5.5) Maces & Flails
 + Level 4.0(4.5) Staves
 + Level 4.0(3.8) Throwing
 - Level 12.8(12.4) Armour
 - Level 12.8(12.4) Stealth
 - Level 12.8(12.4) Shields
 + Level 3.9(3.6) Unarmed Combat
 - Level 12.8(12.4) Spellcasting
 - Level 12.0(11.6) Hexes
 - Level 12.8(12.4) Charms
 - Level 12.8(12.4) Necromancy
 - Level 11.1(10.8) Translocations
 - Level 11.1(10.8) Transmutations
 - Level 12.8(12.4) Air Magic
 - Level 11.0(10.7) Poison Magic
 - Level 12.8(12.4) Evocations


You had 2 spell levels left.
You knew the following spells:

 Your Spells              Type           Power        Failure   Level  Hunger
d - Animate Dead          Necr           N/A          1%          4    ###....
e - Swiftness             Chrm/Air       #####...     1%          2    None
f - Excruciating Wounds   Chrm/Necr      #####.....   1%          5    #####..
g - Control Undead        Necr           #####.....   1%          4    ###....
k - Alistair's Intoxicat  Trmt/Pois      #####...     1%          4    ###....
p - Apportation           Tloc           #####.....   1%          1    None
q - Regeneration          Chrm/Necr      #####.....   1%          3    None
r - Repel Missiles        Chrm/Air       #####.       1%          2    None
s - Tukima's Dance        Hex            #####...     1%          3    None
w - Blink                 Tloc           N/A          1%          2    None
E - Haste                 Chrm           #####...     10%         6    ######.
I - Silence               Hex/Air        #####.....   2%          5    #####..
R - Deflect Missiles      Chrm/Air       #####.....   10%         6    ######.


Dungeon Overview and Level Annotations

Branches:
Dungeon (15/15)            Temple (0/1) D:6            Lair (8/8) D:11
 Shoals (4/4) Lair:3       Spider (4/4) Lair:6        Slime (0/6) Lair:7
    Orc (4/4) D:9             Elf (3/3) Orc:4        Vaults (5/5) D:14
  Crypt (0/3) Vaults:3     Depths (5/5) D:15            Zot (5/5) Depths:5

Altars:
Ashenzari
Cheibriados
Dithmenos
Elyvilon
Fedhas
Kikubaaqudgha
Makhleb
Nemelex Xobeh
Okawaru
Ru
Sif Muna
Vehumet
Yredelemnul
The Shining One
Beogh
Jiyva

Shops:
D:5 *   D:8 =[[   Orc:3 [:[!!   Orc:4 ?*?=   Elf:3 *   Shoals:2 *   Vaults:4 [
Vaults:5 ==

Portals:
Hell: Depths:1 Depths:3 Depths:4 Depths:5
Abyss: Depths:1
Pandemonium: Depths:3
Ziggurat: Depths:5

Annotations:
Shoals:2 exclusion: Roxanne, Roxanne
Elf:2 3 runed doors
Elf:3 1 exclusion
Depths:2 exclusions: 2 obsidian statues and orange crystal statue
Depths:4 exclusion: upstairs


Innate Abilities, Weirdness & Mutations

Your cowardice makes you less effective in combat with threatening monsters.
You cannot train Dodging skill.
You are somewhat inexperienced (-2 XL).
You are sensitive to extremes of temperature (rF-, rC-).
Your magical capacity is low (-10% MP).
You passively map a small area around you.
You occasionally shout uncontrollably at your foes.
You regenerate slowly when monsters are visible.


Message History

There is an open door here.
There is an open door here.
You see here a stone.
There is an open door here.
Things that are here:
4 stones; a dagger You hear a grinding noise.
You hear a grinding noise.
There is a stone staircase leading up here.
You hear a grinding noise.
You climb upwards.
There is a stone staircase leading down here.
Unknown command.
You see here a ring mail.
Your magical contamination has completely faded away.
An iron imp comes into view.
You see here a stone.
The iron imp shouts!
There is a staircase leading out of the dungeon here.
You have escaped!

.# #.# #.# .# #.####
#.# .# #....###.######
.# ####..........# ##
#..#.....#5#
#..#.....#.#
#..#.....#.###**
#..#.....#(....#
#..#..@..#.###.#
#..#.....#.#
#######..#.....#....
#........#.....#..#.
#.####...#(....#.##
#####.####.#........[#
*
....[#............####
....###.##.#.#.##.# *
####.#.###.....# ... ,
*


You could see an iron imp.

Vanquished Creatures
  7 orbs of fire (Zot:5)
  Mara (Spider:3)
  4 ancient liches
  Norris (D:14)
  3 Killer Klowns
  2 golden dragons (Depths:5)
  Arachne (Spider:4)
  2 electric golems (Zot:5)
  6 liches
  Rupert (D:12)
  8 tentacled monstrosities
  17 Orb Guardians
  5 titans
  The ghost of herpmino the Shatterer, an adept GrWn of Elyvilon (Depths:2)
  3 death cobs (Zot:1)
  An eldritch tentacle (Vaults:2)
  6 sphinxes
  2 sphinxes (shapeshifter) (Depths:2)
  9 storm dragons
  2 shadow dragons
  9 tengu reavers
  5 draconian monks
  Ilsuiw (Shoals:4)
  An azure jelly (shapeshifter) (Depths:2)
  8 vault wardens
  3 ghost moths (Spider:4)
  2 draconian knights
  2 deep elf sorcerers
  2 balrugs (WizLab)
  An iron dragon (Depths:5)
  4 emperor scorpions (Spider:4)
  3 draconian scorchers
  5 frost giants
  Louise (Depths:1)
  2 draconian zealots (Zot:4)
  9 fire giants
  2 draconian annihilators
  2 draconian shifters (Zot:2)
  9 ironheart preservers
  A spriggan defender (Depths:2)
  A juggernaut skeleton (D:15)
  14 very ugly things
  A reaper (WizLab)
  4 war gargoyles
  A vampire knight (Depths:5)
  14 stone giants
  A draconian caller (Zot:1)
  Nessos (Lair:7)
  2 deep elf demonologists
  6 green draconians
  7 black draconians
  7 purple draconians
  2 deep elf annihilators
  10 red draconians
  4 mottled draconians
  3 yellow draconians (Zot:5)
  4 white draconians
  A green death (WizLab)
  An ettin (shapeshifter) (Depths:2)
  4 merfolk javelineers (Shoals:4)
  7 ettins
  9 crystal guardians
  6 merfolk impalers
  2 deep elf death magi
  25 vault guards
  A minotaur (Lab)
  15 fire dragons
  A jiangshi (Depths:1)
  20 yaktaur captains
  A deep elf high priest (Vaults:5)
  Erolcha (Orc:1)
  4 great orbs of eyes
  Fannar (Orc:1)
  Harold (Orc:1)
  13 ice dragons
  4 rakshasas
  A hell beast (WizLab)
  The ghost of dorian the Arsonist, a journeyman DrFE of Vehumet (D:11)
  3 entropy weavers
  A quicksilver dragon skeleton (Vaults:5)
  4 hydras
  An alligator snapping turtle (Shoals:4)
  9 centaur warriors
  A merfolk aquamancer (Shoals:2)
  A spriggan air mage (Depths:3)
  2 satyrs
  A merfolk avatar (Shoals:4)
  14 dancing weapons
  2 deep troll shamans
  5 death yaks
  4 orc high priests
  2 tengu warriors (Depths:4)
  3 vampire magi
  10 ogre magi
  3 spriggan berserkers (Depths:3)
  6 deep troll earth magi
  A soul eater (WizLab)
  An iron golem (Depths:2)
  13 deep elf knights
  A fire crab (Vaults:1)
  3 fire crabs (shapeshifter)
  4 shadow wraiths
  11 hell knights
  2 skeletal warriors
  An ice devil (WizLab)
  An iron troll (Depths:3)
  A large abomination (Elf:1)
  2 unseen horrors
  3 death drakes (Depths:5)
  3 deep elf summoners
  4 flayed ghosts
  6 deep trolls
  7 giant orange brains
  6 wizards
  9 sea snakes
  16 ironbrand convokers
  A kraken simulacrum (Shoals:4)
  An anubis guard (shapeshifter) (Vaults:5)
  8 hill giants
  9 necromancers
  A phantasmal warrior (Vaults:5)
  A lindwurm (shapeshifter) (Vaults:5)
  A harpy (shapeshifter) (Depths:2)
  14 deep elf conjurers
  2 lindwurms (Depths:5)
  3 harpies (Shoals:4)
  A wolf spider zombie (D:13)
  A deep troll (shapeshifter) (Vaults:3)
  24 orc knights
  A wolf spider (shapeshifter) (Depths:2)
  A shining eye (shapeshifter) (Vaults:5)
  18 orb spiders
  11 manticores
  A shadow dragon skeleton (Vaults:5)
  12 griffons
  A faun (shapeshifter) (Vaults:5)
  A human zombie (Vaults:2)
  A fire giant zombie (Vaults:2)
  6 moths of wrath
  33 wolf spiders
  8 orc sorcerers
  8 hornets
  A moth of wrath (shapeshifter) (Vaults:2)
  6 black mambas
  7 water nymphs
  10 elephants (Lair:7)
  27 ugly things
  A frost giant skeleton (Vaults:2)
  7 sirens
  A gargoyle (Depths:2)
  11 vault sentinels
  2 ice statues (IceCv)
  The ghost of tp1 the Infuser, a novice DECj (D:6)
  A human skeleton (Vaults:2)
  4 rust devils (WizLab)
  15 cyclopes
  Psyche (D:12)
  A torpor snail (Spider:4)
  18 spiny frogs
  An orange demon (WizLab)
  An eye of devastation (shapeshifter) (Depths:3)
  4 molten gargoyles (Depths:2)
  4 kobold demonologists
  A fire drake (shapeshifter) (Vaults:4)
  2 yaktaur zombies (Vaults:2)
  A spriggan zombie (D:15)
  12 demonic crawlers
  4 komodo dragons
  2 guardian mummies
  A small abomination (Vaults:5)
  5 freezing wraiths
  A red devil (WizLab)
  5 tengu conjurers
  4 fire drakes
  20 merfolk
  17 deep elf priests
  7 trolls
  44 yaktaurs
  5 tormentors
  A merfolk (shapeshifter) (Depths:2)
  3 polar bears (Lair:7)
  A troll (shapeshifter) (Vaults:4)
  4 giant leeches (Lair:8)
  21 jumping spiders
  A wind drake (shapeshifter) (Vaults:5)
  2 blue devils
  A queen bee (shapeshifter) (Vaults:3)
  22 two-headed ogres
  3 wind drakes
  A blink frog (shapeshifter) (Elf:1)
  24 slime creatures
  A hornet zombie (Vaults:1)
  A slime creature (shapeshifter) (Depths:2)
  5 snapping turtles
  3 boulder beetles
  13 blink frogs
  An ettin zombie (Vaults:2)
  2 flying skulls (Volcano)
  5 air elementals (Depths:2)
  2 redbacks (shapeshifter) (Depths:2)
  18 tarantellas
  3 wraiths
  43 redbacks
  A tarantella (shapeshifter) (Depths:2)
  A hungry ghost (D:7)
  2 spriggans
  15 humans (D:14)
  A trapdoor spider (shapeshifter) (D:13)
  12 trapdoor spiders
  7 vampires
  4 mottled dragons
  17 vampire mosquitoes
  11 water elementals
  2 basilisks
  29 deep elf magi
  36 yaks
  12 hippogriffs
  A wyvern (D:8)
  A golden eye (shapeshifter) (D:13)
  2 steam dragons
  A ynoxinul (WizLab)
  A hog (shapeshifter) (D:13)
  A tengu zombie (D:15)
  A soldier ant (shapeshifter) (Vaults:5)
  5 fire elementals (Depths:2)
  9 water moccasins
  A human (shapeshifter) (Depths:3)
  19 wolves
  2 wargs
  2 insubstantial wisps (Depths:2)
  A redback simulacrum (Vaults:2)
  A water moccasin (shapeshifter) (Depths:2)
  23 deep elf fighters
  5 porcupines
  A soldier ant (D:12)
  56 orc warriors
  2 merfolk skeletons (Volcano)
  9 hell hounds (Depths:1)
  An ettin simulacrum (Vaults:2)
  3 black bears
  18 spiders
  An eye of draining (D:11)
  9 ice beasts
  8 sky beasts
  A black bear (shapeshifter) (D:15)
  A swamp drake (D:9)
  A boggart (shapeshifter) (Depths:2)
  A manticore skeleton (Volcano)
  3 phantoms
  24 centaurs
  An elf skeleton (Vaults:5)
  52 ogres
  4 boggarts (Depths:1)
  6 wasps
  An orc skeleton (Vaults:2)
  18 crocodiles
  43 giant frogs
  14 big kobolds
  7 earth elementals (Depths:2)
  A water moccasin zombie (D:10)
  A giant frog (shapeshifter) (Depths:2)
  A scorpion (D:4)
  A wyvern skeleton (D:6)
  7 killer bees
  11 worker ants
  4 electric eels
  3 wights
  A spriggan skeleton (Volcano)
  8 crimson imps
  6 centaur zombies
  2 giant frog skeletons (D:10)
  8 hounds
  A giant frog zombie (D:9)
  4 jellies
  40 orc priests
  10 centaur skeletons
  39 orc wizards
  7 iguanas
  2 two-headed ogre skeletons (Volcano)
  6 hell rats (Lair:2)
  2 boulder beetle simulacra (Vaults:1)
  53 sheep
  A hound zombie (D:7)
  2 naga skeletons (Volcano)
  2 mummies (Volcano)
  12 adders
  73 river rats
  A worker ant zombie (D:6)
  4 shadow imps
  12 white imps
  2 ufetubi
  A worm (D:3)
  5 giant geckos
  231 orcs
  3 ball pythons
  11 bats
  6 giant cockroaches
  12 goblins
  8 hobgoblins
  3 jackals (D:6)
  40 kobolds
  5 quokkas
  A ball python skeleton (D:4)
  A giant cockroach zombie (D:5)
  3 giant newts
  A quokka skeleton (D:9)
  22 rats
  3 crawling corpses
  7 fungi
  10 plants
  3 tentacles
2341 creatures vanquished.

Vanquished Creatures (collateral kills)
  Mennas (Depths:5)
  A golden dragon (Vaults:5)
  A Hellbinder (WizLab)
  Jorgrun (Spider:3)
  2 Orb Guardians (Zot:5)
  4 liches
  2 titans (Vaults:5)
  A kraken (Shoals:1)
  A shadow dragon (Zot:4)
  2 storm dragons
  2 draconian monks (Depths:5)
  A shadow dragon (shapeshifter) (Depths:2)
  2 iron dragons
  A deep elf sorcerer (Vaults:5)
  An emperor scorpion (Spider:4)
  3 frost giants
  2 vault wardens
  2 war gargoyles (Vaults:5)
  A very ugly thing (Depths:2)
  3 stone giants
  A vampire knight (Depths:1)
  3 ironheart preservers
  A green draconian (Depths:5)
  A yellow draconian (Zot:5)
  4 black draconians
  2 red draconians (Depths:5)
  2 salamander stormcallers (Vaults:5)
  A purple draconian (Zot:5)
  A deep elf death mage (Vaults:5)
  A merfolk javelineer (Shoals:4)
  A blizzard demon (WizLab)
  2 crystal guardians (Depths:2)
  A jiangshi (Depths:1)
  A great orb of eyes (Depths:3)
  2 merfolk impalers (Shoals:4)
  2 yaktaur captains
  2 entropy weavers (Depths:3)
  2 hydras
  4 ogre magi
  3 ice dragons (Depths:3)
  A spriggan air mage (Depths:3)
  A merfolk avatar (Shoals:2)
  2 merfolk aquamancers (Shoals:4)
  A dancing weapon (Depths:2)
  A shock serpent (Depths:2)
  A death yak (shapeshifter) (Depths:2)
  A wizard (Vaults:2)
  A sea snake (Shoals:4)
  A hill giant (D:14)
  3 orc knights
  A tengu zombie (D:15)
  6 deep trolls
  A phantasmal warrior (Vaults:5)
  A necromancer (Vaults:1)
  3 orb spiders
  4 wolf spiders
  A water nymph (Shoals:4)
  9 ugly things
  A griffon (Shoals:2)
  A hornet (Spider:2)
  A shining eye (shapeshifter) (Depths:2)
  3 manticores (Shoals:4)
  2 moths of wrath
  A vault sentinel (Vaults:5)
  A storm dragon simulacrum (Vaults:1)
  2 molten gargoyles (Depths:2)
  A kobold demonologist (Vaults:1)
  15 yaktaurs
  4 merfolk (Shoals:4)
  A komodo dragon (D:12)
  A troll (shapeshifter) (Vaults:1)
  3 two-headed ogres
  5 jumping spiders
  2 wind drakes
  3 slime creatures (Vaults:1)
  2 spriggans (Depths:3)
  2 redbacks (shapeshifter)
  A tarantella (Spider:1)
  A yak (D:14)
  9 redbacks
  A snapping turtle (Shoals:4)
  An air elemental (Depths:2)
  7 deep elf fighters
  A human (D:14)
  6 trapdoor spiders
  A mottled dragon (Vaults:1)
  An insubstantial wisp (Depths:2)
  A soldier ant (shapeshifter) (Vaults:1)
  4 orc warriors
  6 spiders
  2 swamp drakes (Depths:5)
  2 wasps
  5 ogres
  5 centaurs
  A human skeleton (Vaults:1)
  A human simulacrum (Vaults:1)
  A worker ant (D:14)
  A worm (D:1)
  9 orcs
  A bat (D:1)
  A goblin (D:1)
  2 kobolds (Vaults:1)
  2 tentacles (Shoals:1)
234 creatures vanquished.

Vanquished Creatures (others)
  An ancient lich (Zot:5)
  Margery (Depths:5)
  A golden dragon (Vaults:5)
  2 tentacled monstrosities
  A titan (Depths:2)
  An Orb Guardian (Zot:5)
  A tengu reaver (Depths:3)
  A ghost moth (Zot:1)
  2 draconian zealots
  A war gargoyle (Vaults:5)
  A stone giant (Vaults:5)
  A green draconian (Zot:4)
  A yellow draconian (Zot:2)
  A red draconian (Zot:1)
  A fire dragon (Vaults:1)
  A yaktaur captain (Vaults:5)
  An ice dragon (Zot:1)
  3 centaur warriors
  2 deep elf knights
  A sea snake (Shoals:4)
  7 ball lightnings (Depths:2)
  A deep elf conjurer (Vaults:5)
  An orc knight (Vaults:4)
  A griffon (Shoals:3)
  2 wolf spiders (Spider:4)
  A shining eye (shapeshifter) (Depths:2)
  A water nymph (Shoals:2)
  A demonic crawler (Spider:2)
  4 yaktaurs
  A two-headed ogre (Vaults:4)
  A slime creature (Vaults:3)
  2 dancing weapons (Vaults:4)
  A tarantella (Spider:3)
  2 trapdoor spiders (Spider:4)
  An air elemental (Depths:2)
  A water elemental (Shoals:4)
  2 deep elf fighters
  2 deep elf magi
  A steam dragon (D:11)
  A vampire mosquito (Vaults:3)
  A water moccasin (Lair:2)
  A swamp drake (Depths:5)
  2 orc warriors
  A boggart (Elf:1)
  2 centaurs
  A big kobold (Vaults:1)
  2 ogres (Vaults:4)
  2 orc priests
  3 sheep
  A naga skeleton (Volcano)
  A hound skeleton (D:7)
  2 shadow imps
  A giant gecko (D:4)
  5 orcs
  A quokka (D:2)
  A kobold (Orc:3)
  4 bushes (Depths:4)
  2 eldritch tentacle segments (Vaults:2)
  5 fire vortices
  35 fungi
  53 plants
  8 tentacles
  456 tentacle segments
649 creatures vanquished.

Grand Total: 3224 creatures vanquished

Notes
Turn   | Place    | Note
--------------------------------------------------------------
     0 | D:1      | Medar the Human Artificer began the quest for the Orb.
     0 | D:1      | Reached XP level 1. HP: 15/15 MP: 3/3
   167 | D:1      | Reached XP level 2. HP: 18/21 MP: 4/4
   387 | D:1      | Reached XP level 3. HP: 14/26 MP: 5/5
   834 | D:2      | Found a faded altar to an unknown god.
   960 | D:2      | Reached XP level 4. HP: 32/32 MP: 6/6
   963 | D:2      | Became a worshipper of Ru the Awakened
   969 | D:2      | Gained mutation: Your cowardice makes you less effective in combat with threatening monsters. [Ru sacrifice]
   969 | D:2      | Reached * piety under Ru
  1360 | D:2      | Reached skill level 4 in Short Blades
  2175 | D:3      | Reached XP level 5. HP: 35/37 MP: 7/7
  3125 | D:3      | Reached skill level 1 in Armour
  3151 | D:3      | Found a snail-covered altar of Cheibriados.
  3277 | D:4      | Reached XP level 6. HP: 12/44 MP: 8/8
  3646 | D:4      | Noticed an ogre
  3744 | D:4      | Killed an ogre
  3744 | D:4      | Reached skill level 5 in Short Blades
  4487 | D:4      | Reached XP level 7. HP: 51/51 MP: 9/9
  4489 | D:4      | Gained mutation: You cannot train Dodging skill. [Ru sacrifice]
  4489 | D:4      | Reached ** piety under Ru
  4555 | D:5      | Entered Level 5 of the Dungeon
  4628 | D:5      | Reached skill level 1 in Axes
  4899 | D:5      | Noticed a wind drake
  4899 | D:5      | a sky beast changed into a wind drake
  5044 | D:5      | Found Nedatael's General Store.
  5047 | D:5      | Bought a scroll of random uselessness for 10 gold pieces
  5049 | D:5      | Bought a scroll of identify for 20 gold pieces
  5050 | D:5      | Gained mutation: You are agile. (Dex +2) [potion of beneficial mutation]
  5079 | D:5      | Found a glowing golden altar of the Shining One.
  5312 | D:6      | Found an ancient bone altar of Kikubaaqudgha.
  5313 | D:6      | Found a deep blue altar of Sif Muna.
  5370 | D:6      | Reached XP level 8. HP: 6/58 MP: 10/10
  5750 | D:6      | Noticed tp1's ghost (novice DECj)
  6090 | D:6      | Got an encrusted falchion {slice}
  6091 | D:6      | Identified the +10 falchion of Eqaomp {slice, Int+4 Dex+3 SInv} (You took it off an orc on level 6 of the Dungeon)
  6096 | D:6      | Reached skill level 1 in Long Blades
  6171 | D:6      | Found a sparkling altar of Nemelex Xobeh.
  6252 | D:6      | Found a staircase to the Ecumenical Temple.
  6302 | D:6      | Killed tp1's ghost
  6498 | D:5      | Reached skill level 5 in Long Blades
  6498 | D:5      | Reached XP level 9. HP: 31/65 MP: 11/11
  6694 | D:6      | Reached skill level 6 in Long Blades
  6774 | D:6      | Found a blossoming altar of Fedhas.
  6933 | D:7      | Reached skill level 7 in Long Blades
  7164 | D:7      | Reached skill level 8 in Long Blades
  7626 | D:7      | Found a glowing golden altar of the Shining One.
  7677 | D:7      | Reached skill level 9 in Long Blades
  7824 | D:7      | Reached XP level 10. HP: 63/71 MP: 12/12
  8094 | D:8      | Found Ogasaa's Armour Emporium.
  8124 | D:8      | Reached skill level 10 in Long Blades
  8413 | D:8      | Found Kissiow's Armour Boutique.
  8465 | D:8      | Found Ukeiridu's Jewellery Emporium.
  8582 | D:8      | Reached skill level 11 in Long Blades
  8763 | D:8      | Gained mutation: You have a pair of small horns on your head. [potion of mutation]
  8763 | D:8      | Gained mutation: Scrolls take you a little longer to read. [potion of mutation]
  8763 | D:8      | Gained mutation: Your body sometimes deteriorates upon taking damage. [potion of mutation]
  8764 | D:8      | Lost mutation: Your body sometimes deteriorates upon taking damage. [potion of cure mutation]
  8764 | D:8      | Lost mutation: You have a pair of small horns on your head. [potion of cure mutation]
  8764 | D:8      | Lost mutation: Scrolls take you a little longer to read. [potion of cure mutation]
  8764 | D:8      | Lost mutation: You are agile. (Dex +2) [potion of cure mutation]
  9139 | D:9      | Found a shadowy altar of Dithmenos.
  9434 | D:9      | Found a sparkling altar of Nemelex Xobeh.
  9434 | D:9      | Found a white marble altar of Elyvilon.
  9434 | D:9      | Found a shattered altar of Ashenzari.
  9434 | D:9      | Found an iron altar of Okawaru.
  9440 | D:9      | Found a basalt altar of Yredelemnul.
  9440 | D:9      | Found a radiant altar of Vehumet.
  9527 | D:10     | Entered Level 10 of the Dungeon
  9535 | D:9      | Reached skill level 12 in Long Blades
  9617 | D:10     | Reached skill level 1 in Shields
  9644 | D:10     | Noticed a hill giant
  9665 | D:10     | Killed a hill giant
  9665 | D:10     | Reached XP level 11. HP: 76/76 MP: 13/13
  9718 | D:10     | Noticed an orc knight
  9753 | D:10     | Killed an orc knight
  9814 | D:10     | Reached skill level 5 in Shields
 10543 | D:11     | Found a staircase to the Lair.
 10558 | D:11     | Noticed dorian's ghost (journeyman DrFE)
 10688 | D:10     | Noticed a hill giant
 10699 | D:10     | Killed a hill giant
 10730 | D:10     | Gained mutation: You are sensitive to extremes of temperature (rF-, rC-). [Ru sacrifice]
 10730 | D:10     | Reached *** piety under Ru
 10730 | D:10     | Reached **** piety under Ru
 10730 | D:10     | Reached ***** piety under Ru
 10833 | D:8      | Bought the +0 pair of boots "Borim" {rF+ rCorr} for 361 gold pieces
 10980 | D:9      | Found a staircase to the Orcish Mines.
 11223 | Orc:1    | Entered Level 1 of the Orcish Mines
 11335 | Orc:1    | Noticed Erolcha
 12048 | Orc:3    | Found Zazayclu's Distillery.
 12051 | Orc:3    | Found Bienorr's Armour Emporium.
 12561 | Orc:3    | Gained mutation: You are somewhat inexperienced (-2 XL). [Ru sacrifice]
 12561 | Orc:3    | Reached XP level 10. HP: 69/71 MP: 12/12
 12561 | Orc:3    | Reached XP level 9. HP: 65/65 MP: 11/11
 12561 | Orc:3    | Reached ****** piety under Ru
 12605 | Orc:3    | Reached XP level 10. HP: 71/71 MP: 12/12
 12708 | Orc:3    | Found Maculeh's Antique Armour Shop.
 12725 | Orc:3    | Found Senyus's Book Shop.
 12730 | Orc:3    | Bought a pair of glowing gloves for 130 gold pieces
 12911 | Orc:1    | Noticed Harold
 12920 | Orc:1    | Killed Harold
 12920 | Orc:1    | Reached skill level 10 in Shields
 13109 | Orc:1    | Noticed Fannar
 13227 | Orc:4    | Entered Level 4 of the Orcish Mines
 13227 | Orc:4    | Noticed an orc knight
 13227 | Orc:4    | Noticed an orc sorcerer
 13227 | Orc:4    | Noticed an orc sorcerer
 13229 | Orc:4    | Killed an orc sorcerer
 13229 | Orc:4    | Killed an orc knight
 13229 | Orc:4    | Killed an orc sorcerer
 13442 | Orc:3    | Found Fylisiwi's Distillery.
 13450 | Orc:3    | Reached XP level 11. HP: 61/76 MP: 13/13
 14186 | Orc:4    | Found a roughly hewn altar of Beogh.
 14286 | Orc:4    | Found Etrezuwn's Magic Scroll Shoppe.
 14326 | Orc:4    | Noticed an orc sorcerer
 14351 | Orc:4    | Killed an orc sorcerer
 14561 | Orc:4    | Noticed an orc knight
 14623 | Orc:4    | Found a staircase to the Elven Halls.
 14782 | Orc:4    | Killed an orc knight
 14987 | Orc:4    | Noticed an orc knight
 14992 | Orc:4    | Noticed an orc high priest
 15001 | Orc:4    | Killed an orc knight
 15016 | Orc:4    | Killed an orc high priest
 15016 | Orc:4    | Reached skill level 5 in Evocations
 15126 | Orc:4    | Noticed an orc sorcerer
 15141 | Orc:4    | Killed an orc sorcerer
 15258 | Orc:4    | Noticed an orc sorcerer
 15259 | Orc:4    | Noticed an orc knight
 15263 | Orc:4    | Killed an orc sorcerer
 15277 | Orc:4    | Killed an orc knight
 15289 | Orc:4    | Noticed an orc high priest
 15300 | Orc:4    | Killed an orc high priest
 15300 | Orc:4    | Reached skill level 5 in Fighting
 15300 | Orc:4    | Reached XP level 12. HP: 52/86 MP: 16/16
 15449 | Orc:4    | Noticed an orc sorcerer
 15460 | Orc:4    | Killed an orc sorcerer
 15464 | Orc:4    | Noticed an orc high priest
 15485 | Orc:4    | Killed an orc high priest
 15517 | Orc:4    | Noticed an orc knight
 15545 | Orc:4    | Killed an orc knight
 15646 | Orc:4    | Found Odwyg's Jewellery Shop.
 15646 | Orc:4    | Found Jystu's Assorted Antiques.
 15649 | Orc:4    | Found Kieng's Magic Scroll Shop.
 15649 | Orc:4    | Found Igyox's Weapon Emporium.
 15657 | Orc:4    | Bought a scroll of blinking for 82 gold pieces
 15663 | Orc:4    | Bought a scroll of acquirement for 572 gold pieces
 15676 | Orc:4    | Bought the ring of Temeadiu {Wiz *Drain rC+ MR++ Stlth+} for 843 gold pieces
 15923 | Orc:1    | Killed Fannar
 15988 | Orc:1    | Killed Erolcha
 16481 | D:8      | Bought the +2 cloak of the Solstice {+Blink} for 313 gold pieces
 16703 | D:11     | Noticed a cyclops
 16877 | D:11     | Killed a cyclops
 16878 | D:11     | Reached skill level 5 in Armour
 16994 | D:11     | Noticed a white ugly thing
 17002 | D:11     | Killed a white ugly thing
 17303 | D:10     | Got a jewelled crystal plate armour
 17314 | D:10     | Identified the cursed +0 crystal plate armour of the Buccaneer {*Confuse Dex+4} (You found it on level 10 of the Dungeon)
 17587 | Lair:1   | Entered Level 1 of the Lair of Beasts
 17601 | Lair:1   | Got a crystal short sword
 17602 | Lair:1   | Identified the +1 short sword "Hodenk" {flame, *Corrode rC+ rN+ Str+3} (You found it on level 1 of the Lair of Beasts)
 17802 | Lair:1   | Noticed a seven-headed hydra
 17808 | Lair:1   | Killed a seven-headed hydra
 18025 | Lair:1   | Reached XP level 13. HP: 83/98 MP: 15/17
 18822 | Lair:2   | You fall through a shaft!
 19042 | Lair:3   | Found a dark tunnel.
 19051 | Volcano  | Entered a volcano
 19578 | Lair:3   | Found a staircase to the Shoals.
 19605 | Lair:3   | Reached skill level 10 in Fighting
 21657 | Lair:5   | Found a frozen archway.
 21830 | IceCv    | Entered an ice cave
 21883 | IceCv    | Reached XP level 14. HP: 109/115 MP: 11/18
 23633 | Lair:6   | Found a hole to the Spider Nest.
 24690 | Lair:7   | Noticed Nessos
 24694 | Lair:7   | Killed Nessos
 24694 | Lair:7   | Reached skill level 10 in Armour
 25488 | Lair:7   | Found a staircase to the Slime Pits.
 25489 | Lair:7   | Found a viscous altar of Jiyva.
 25839 | Lair:8   | Entered Level 8 of the Lair of Beasts
 26200 | Lair:8   | Reached XP level 15. HP: 89/120 MP: 18/22
 26278 | Lair:8   | Reached skill level 10 in Evocations
 27352 | Lair:8   | Got a pitted morningstar
 27353 | Lair:8   | Identified the +11 morningstar "Nanyjaps" {venom, rElec MR+} (You found it on level 8 of the Lair of Beasts)
 27368 | Lair:8   | Got a smoking glaive
 27371 | Lair:8   | Got a slimy tin ring
 27373 | Lair:8   | Identified the ring "Jeurogea" {rPois rF+ Dex+3 Stlth+} (You found it on level 8 of the Lair of Beasts)
 27653 | D:11     | Killed dorian's ghost
 28103 | D:8      | Bought the +1 helmet of the Bulwark {Regen+ Str+4} for 273 gold pieces
 28356 | D:5      | Bought a scroll of acquirement for 520 gold pieces
 28536 | D:12     | Noticed Rupert
 28550 | D:12     | Killed Rupert
 28620 | D:12     | Noticed Psyche
 28626 | D:12     | Killed Psyche
 28818 | D:12     | Identified a +8 rod of shadows (11/11) (You found it on level 12 of the Dungeon)
 29275 | D:13     | Found a labyrinth entrance.
 29295 | Lab      | Entered a labyrinth
 29707 | Lab      | Identified a +3 rod of shadows (3/13) {!a} (You took it off a minotaur in a labyrinth)
 29738 | D:13     | Learned a level 3 spell: Regeneration
 29854 | D:13     | Got a pair of heavily runed boots
 29865 | D:13     | Identified the cursed +0 pair of boots "Egip" {Dex+4} (You found it on level 13 of the Dungeon)
 30493 | D:14     | Found a gate to the Vaults.
 30493 | D:14     | Noticed Norris
 30503 | D:14     | Killed Norris
 30604 | D:14     | Reached skill level 1 in Spellcasting
 30604 | D:14     | Reached XP level 16. HP: 116/127 MP: 22/25
 30941 | D:14     | Reached skill level 1 in Charms
 31475 | D:15     | Entered Level 15 of the Dungeon
 31584 | D:15     | Reached skill level 1 in Necromancy
 31785 | D:15     | Got a jewelled broad axe
 31786 | D:15     | Identified the +7 broad axe of Mayhem {freeze, -Tele +Inv rElec} (You found it on level 15 of the Dungeon)
 32224 | D:15     | Reached skill level 5 in Spellcasting
 32231 | D:15     | Found a staircase to the Depths.
 33007 | Orc:3    | Bought a book of Air for 350 gold pieces
 33010 | Orc:3    | Learned a level 2 spell: Repel Missiles
 33013 | Orc:3    | Learned a level 2 spell: Swiftness
 33119 | Orc:4    | Bought a faintly humming helmet for 247 gold pieces
 33131 | Orc:4    | Identified the +2 helmet of Free Expression {rN++ Str+2 Int+4} (You bought it in a shop on level 4 of the Orcish Mines)
 33214 | Elf:1    | Entered Level 1 of the Elven Halls
 33246 | Elf:1    | Reached skill level 1 in Air Magic
 33781 | Spider:1 | Entered Level 1 of the Spider Nest
 34634 | Spider:1 | Reached skill level 5 in Air Magic
 35383 | Spider:2 | Reached XP level 17. HP: 59/133 MP: 26/26
 35392 | Spider:2 | Reached skill level 5 in Charms
 36437 | Spider:3 | Noticed Jorgrun
 36449 | Spider:3 | Killed Jorgrun
 36522 | Spider:3 | Noticed Mara
 36551 | Spider:3 | Killed Mara
 37278 | Spider:4 | Entered Level 4 of the Spider Nest
 37320 | Spider:4 | Got a brightly glowing mace
 37656 | Spider:4 | Reached skill level 10 in Short Blades
 37952 | Spider:4 | Noticed Arachne
 38114 | Spider:4 | Killed Arachne
 38629 | Spider:4 | Reached XP level 18. HP: 130/140 MP: 27/27
 39326 | Spider:4 | Got a gossamer rune of Zot
 40029 | D:12     | Learned a level 3 spell: Tukima's Dance
 40595 | Shoals:1 | Entered Level 1 of the Shoals
 40644 | Shoals:1 | Reached skill level 1 in Hexes
 41278 | Shoals:2 | You fall through a shaft!
 41296 | Shoals:2 | Found Qaukhlimm's General Store.
 41410 | Shoals:2 | Noticed Roxanne
 41629 | Shoals:2 | Reached skill level 5 in Hexes
 42072 | Shoals:4 | Entered Level 4 of the Shoals
 42260 | Shoals:4 | Got an ancient ivory ring
 42261 | Shoals:4 | Identified the ring "Igegeg" {rElec AC+3 Dex+2} (You found it on level 4 of the Shoals)
 42610 | Shoals:4 | Noticed Ilsuiw
 42700 | Shoals:4 | Killed Ilsuiw
 43363 | Shoals:4 | Reached XP level 19. HP: 146/146 MP: 28/28
 43443 | Shoals:4 | Got a smoking lajatang
 43444 | Shoals:4 | Identified the +5 lajatang of Ambiguity {slice, -Tele rN+ Str+2} (You found it on level 4 of the Shoals)
 43559 | Shoals:4 | Reached skill level 10 in Charms
 43611 | Shoals:4 | Got a barnacled rune of Zot
 43685 | Shoals:4 | Got an ominously black robe
 43891 | Shoals:4 | Got a faintly humming scale mail
 43902 | Shoals:4 | Identified the +2 scale mail of Surprise {Int+2 Dex+4} (You found it on level 4 of the Shoals)
 44518 | D:12     | Learned a level 4 spell: Alistair's Intoxication
 44520 | D:12     | Learned a level 1 spell: Apportation
 44627 | Vaults:1 | Entered Level 1 of the Vaults
 46943 | Vaults:2 | Noticed a lich
 46955 | Vaults:2 | Killed a lich
 46997 | Vaults:2 | Reached XP level 20. HP: 155/155 MP: 30/30
 47101 | Vaults:2 | Noticed a lich
 47103 | Vaults:2 | Killed a lich
 47199 | Vaults:2 | Found a magical portal.
 47218 | WizLab   | Entered The Hall of Hosutit the Hellbinder
 48071 | WizLab   | Noticed Hosutit
 48101 | WizLab   | Killed Hosutit the Hellbinder
 48101 | WizLab   | Reached skill level 5 in Stealth
 48119 | WizLab   | Found a burning altar of Makhleb.
 48178 | WizLab   | Identified Sif Muna's Collected Works on Companions
 48182 | WizLab   | Identified Deiti's Reference Book on Warped Summoning
 50563 | Orc:4    | Bought a scroll of enchant weapon for 82 gold pieces
 51116 | Vaults:2 | Got a steaming robe
 51477 | Vaults:2 | Got a blackened hat
 51488 | Vaults:2 | Identified the cursed +0 hat of Dithmenos's Favour {Int+5} (You found it on level 2 of the Vaults)
 51505 | Vaults:2 | Found a radiant altar of Vehumet.
 51623 | Vaults:3 | Found a flickering gateway to a bazaar.
 51645 | Bazaar   | Entered a bazaar
 51647 | Bazaar   | Found Nogucvyff's Assorted Antiques.
 51651 | Bazaar   | Found Lunedikec's Distillery.
 51651 | Bazaar   | Found Utamaoj's Antique Armour Boutique.
 51652 | Bazaar   | Found Ceewo's Antique Weapon Boutique.
 51687 | Bazaar   | Bought a scroll of blinking for 165 gold pieces
 51687 | Bazaar   | Bought a scroll of enchant weapon for 165 gold pieces
 51698 | Bazaar   | Bought a potion of agility for 60 gold pieces
 52679 | Vaults:3 | Reached XP level 21. HP: 116/161 MP: 32/32
 52894 | Vaults:3 | Found a staircase to the Crypt.
 53060 | Vaults:3 | Reached skill level 5 in Necromancy
 53651 | Vaults:4 | Got a slimy short sword {flame}
 53692 | Vaults:4 | Found Soatuog's Antique Armour Emporium.
 54086 | Vaults:4 | Learned a level 5 spell: Excruciating Wounds
 54774 | Depths:1 | Entered Level 1 of the Depths
 54878 | D:13     | Learned a level 4 spell: Animate Dead
 54883 | D:13     | Learned a level 4 spell: Control Undead
 55100 | Depths:1 | Found Halofif's Blood Bar.
 55130 | Depths:1 | Found a gateway to Hell.
 55375 | Depths:1 | Noticed Louise
 55388 | Depths:1 | Killed Louise
 55396 | Depths:1 | Found a one-way gate to the infinite horrors of the Abyss.
 55717 | Depths:1 | Found a burning altar of Makhleb.
 56088 | Depths:2 | Reached skill level 10 in Necromancy
 56542 | Depths:2 | Noticed herpmino's ghost (adept GrWn)
 56561 | Depths:2 | Reached XP level 22. HP: 97/168 MP: 35/35
 56573 | Depths:2 | Killed herpmino's ghost
 57449 | Depths:2 | Reached skill level 10 in Spellcasting
 57818 | Depths:2 | Got a smoking scale mail
 57819 | Depths:2 | Identified the cursed +1 scale mail of Wikoh {Int+5} (You found it on level 2 of the Depths)
 57852 | Depths:2 | Noticed a caustic shrike
 57859 | Depths:2 | a caustic shrike changed into a sphinx
 58394 | Orc:3    | Bought a potion of curing for 51 gold pieces
 58394 | Orc:3    | Bought 2 potions of heal wounds for 170 gold pieces
 58394 | Orc:3    | Bought a potion of heal wounds for 85 gold pieces
 58394 | Orc:3    | Bought a potion of haste for 170 gold pieces
 58394 | Orc:3    | Bought a potion of heal wounds for 85 gold pieces
 58394 | Orc:3    | Bought a potion of might for 68 gold pieces
 58394 | Orc:3    | Bought a potion of agility for 68 gold pieces
 58420 | Orc:3    | Bought a potion of heal wounds for 75 gold pieces
 58420 | Orc:3    | Bought a potion of resistance for 150 gold pieces
 58420 | Orc:3    | Bought 2 potions of curing for 90 gold pieces
 58420 | Orc:3    | Bought a potion of might for 60 gold pieces
 58420 | Orc:3    | Bought a potion of agility for 60 gold pieces
 58946 | Depths:3 | Got a scorched scale mail
 58947 | Depths:3 | Identified the +1 scale mail of Disguise {Slay+3} (You found it on level 3 of the Depths)
 59038 | Depths:3 | Noticed a juggernaut
 59752 | D:8      | Bought a +1 shield of fire resistance for 247 gold pieces
 61845 | Elf:2    | Found a runed gate.
 61845 | Elf:2    | Found a runed gate.
 61846 | Elf:2    | Found a runed gate.
 62123 | Elf:3    | Entered Level 3 of the Elven Halls
 62385 | Elf:3    | Found Tuhymmen's Assorted Antiques.
 62419 | Elf:3    | Got an ancient glaive
 63222 | Shoals:2 | Bought a scroll of enchant armour for 112 gold pieces
 63222 | Shoals:2 | Bought a scroll of enchant armour for 112 gold pieces
 64190 | Depths:3 | Reached skill level 10 in Stealth
 64190 | Depths:3 | Reached XP level 23. HP: 174/174 MP: 37/39
 64245 | Depths:3 | Found a one-way gate leading to the halls of Pandemonium.
 64880 | Depths:3 | Reached skill level 1 in Poison Magic
 64889 | Depths:3 | Reached skill level 1 in Translocations
 64910 | Depths:3 | Reached skill level 1 in Transmutations
 65170 | Depths:5 | Entered Level 5 of the Depths
 65406 | Depths:5 | Noticed Margery
 65606 | Depths:5 | Killed Margery
 65697 | Depths:5 | Your ally Margery died
 65832 | Depths:5 | Found a gateway to a ziggurat.
 65842 | Depths:5 | Learned a level 2 spell: Blink
 65848 | Depths:5 | Noticed Mennas
 65861 | Depths:5 | Killed Mennas
 66147 | Depths:5 | Got a smoking leather armour
 66374 | Depths:5 | Reached XP level 24. HP: 176/176 MP: 31/39
 66415 | Depths:5 | Got a pair of shimmering gloves
 66524 | Depths:5 | Identified the +1 pair of gloves of Fanaticism {rC+ rCorr} (You found it on level 5 of the Depths)
 66774 | Depths:5 | Reached skill level 5 in Translocations
 66911 | Depths:5 | Reached skill level 5 in Transmutations
 66978 | Depths:5 | Got a twisted quarterstaff {holy}
 67094 | Depths:5 | Reached skill level 5 in Poison Magic
 67266 | Depths:5 | Found a gate to the Realm of Zot.
 67391 | Depths:5 | Learned a level 6 spell: Deflect Missiles
 67399 | Depths:5 | Learned a level 6 spell: Haste
 67405 | Depths:5 | Learned a level 5 spell: Silence
 68236 | Vaults:5 | Entered Level 5 of the Vaults
 68249 | Vaults:4 | Reached skill level 10 in Air Magic
 68994 | Vaults:5 | Reached XP level 25. HP: 102/186 MP: 7/39
 69305 | Vaults:5 | Noticed an ancient lich
 69328 | Vaults:5 | Killed an ancient lich
 69483 | Vaults:5 | Got a steaming long sword {freeze}
 69484 | Vaults:5 | Identified the +5 long sword of Makhleb's Supremacy {freeze, +Rage +Fly} (You took it off a vault sentinel on level 5 of the Vaults)
 70212 | Vaults:5 | Got a silver rune of Zot
 70836 | Vaults:5 | Found Gefeext's Jewellery Boutique.
 70900 | Vaults:5 | Found Bojues's Jewellery Boutique.
 71003 | Vaults:4 | Identified a +2 rod of destruction (10/10) {!a} (You took it off a yaktaur on level 5 of the Vaults)
 71958 | Zot:1    | Entered Level 1 of the Realm of Zot
 72838 | Zot:2    | Reached skill level 10 in Hexes
 73007 | Zot:5    | Entered Level 5 of the Realm of Zot
 74295 | Zot:5    | Noticed an ancient lich
 74314 | Zot:5    | Killed an ancient lich
 74327 | Zot:5    | Noticed an ancient lich
 74365 | Zot:5    | Killed an ancient lich
 74560 | Zot:5    | Noticed an orb of fire
 74624 | Zot:5    | Noticed an ancient lich
 74684 | Zot:5    | Killed an ancient lich
 74685 | Zot:5    | Noticed an ancient lich
 74724 | Zot:5    | Killed an ancient lich
 74724 | Zot:5    | Reached skill level 10 in Translocations
 74724 | Zot:5    | Reached skill level 10 in Transmutations
 74829 | Zot:5    | Reached skill level 10 in Poison Magic
 74889 | Zot:5    | Noticed an orb of fire
 74908 | Zot:5    | Noticed an orb of fire
 74910 | Zot:5    | Noticed an orb of fire
 74965 | Zot:5    | Noticed an orb of fire
 74990 | Zot:5    | Gained mutation: You passively map a small area around you. [an orb of fire]
 74992 | Zot:5    | Gained mutation: You occasionally shout uncontrollably at your foes. [an orb of fire]
 75014 | Zot:5    | Killed an orb of fire
 75091 | Zot:5    | Noticed an orb of fire
 75097 | Zot:5    | Noticed an orb of fire
 75113 | Zot:5    | Killed an orb of fire
 75115 | Zot:5    | Noticed an orb of fire
 75304 | Zot:4    | Reached skill level 1 in Staves
 75372 | Zot:4    | Reached skill level 1 in Throwing
 75379 | Zot:4    | Reached skill level 1 in Maces & Flails
 75455 | Zot:5    | Killed an orb of fire
 75455 | Zot:5    | Reached skill level 1 in Unarmed Combat
 75486 | Zot:5    | Killed an orb of fire
 75487 | Zot:5    | Noticed an orb of fire
 75510 | Zot:5    | Gained mutation: Your magical capacity is low (-10% MP). [an orb of fire]
 75514 | Zot:5    | Killed an orb of fire
 75531 | Zot:5    | Gained mutation: You regenerate slowly when monsters are visible. [an orb of fire]
 75532 | Zot:5    | Killed an orb of fire
 75553 | Zot:5    | Noticed an orb of fire
 75705 | Zot:5    | Killed an orb of fire
 76023 | Zot:5    | Got the Orb of Zot
 76319 | Depths:5 | Noticed Dobitiasch the pandemonium lord
 76346 | Depths:5 | Noticed Guytzeat the pandemonium lord
 76946 | D:$      | Escaped with the Orb!

Action                   |  1- 3 |  4- 6 |  7- 9 | 10-12 | 13-15 | 16-18 | 19-21 | 22-24 | 25-27 || total
-------------------------+-------+-------+-------+-------+-------+-------+-------+-------+-------++-------
Melee: Short sword       |    90 |   335 |     4 |       |       |       |       |       |       ||   429
       Hand axe          |       |    46 |    78 |       |       |       |       |       |       ||   124
       Falchion          |       |       |   170 |   995 |  1443 |  1874 |  1262 |    40 |    29 ||  5813
       Demon blade       |       |       |       |       |       |       |  1035 |  1734 |  1688 ||  4457
 Fire: Blowgun           |       |       |       |    76 |    13 |       |       |       |       ||    89
Throw: Tomahawk          |       |       |       |       |     2 |       |       |       |       ||     2
       Throwing net      |       |       |       |       |       |     2 |       |       |       ||     2
 Cast: Repel Missiles    |       |       |       |       |       |     6 |     6 |     8 |     2 ||    22
       Regeneration      |       |       |       |       |       |     5 |     2 |    41 |    46 ||    94
       Tukima's Dance    |       |       |       |       |       |       |    14 |       |     2 ||    16
       Excruciating Woun |       |       |       |       |       |       |     4 |    16 |     2 ||    22
       Animate Dead      |       |       |       |       |       |       |     1 |    57 |    28 ||    86
       Apportation       |       |       |       |       |       |       |       |     2 |       ||     2
       Haste             |       |       |       |       |       |       |       |     2 |     9 ||    11
       Deflect Missiles  |       |       |       |       |       |       |       |     1 |    12 ||    13
       Swiftness         |       |       |       |       |       |       |       |     1 |       ||     1
       Silence           |       |       |       |       |       |       |       |       |     3 ||     3
       Blink             |       |       |       |       |       |       |       |       |     1 ||     1
Invok: Sacrifice Courage |       |     1 |       |       |       |       |       |       |       ||     1
       Sacrifice Nimblen |       |       |     1 |       |       |       |       |       |       ||     1
       Sacrifice Experie |       |       |     1 |       |       |       |       |       |       ||     1
       Power Leap        |       |       |       |    13 |    15 |    21 |     3 |    10 |     3 ||    65
       Apocalypse        |       |       |       |     2 |     3 |     3 |     3 |     5 |     5 ||    21
       Sacrifice Resista |       |       |       |     1 |       |       |       |       |       ||     1
 Abil: Evoke Blink       |       |       |       |       |     4 |    10 |     2 |     3 |       ||    19
       Evoke Invisibilit |       |       |       |       |       |       |       |       |     5 ||     5
Evoke: Wand              |     7 |    20 |    16 |    19 |    20 |    23 |     5 |    14 |    21 ||   145
       Rod               |       |       |       |       |     5 |    61 |    66 |    60 |    23 ||   215
       Sack of spiders   |       |       |       |       |       |     5 |     3 |     4 |     2 ||    14
       Phial of floods   |       |       |       |       |       |       |     5 |     5 |     5 ||    15
       Fan of gales      |       |       |       |       |       |       |     2 |     1 |     4 ||     7
       Phantom mirror    |       |       |       |       |       |       |       |     1 |       ||     1
  Use: Potion            |       |     5 |     4 |     3 |     3 |     2 |     1 |    12 |    27 ||    57
       Scroll            |       |     4 |    11 |     9 |    13 |    16 |    18 |    24 |    19 ||   114
 Stab: Distracted        |       |       |     1 |     5 |    16 |    18 |    24 |    39 |    28 ||   131
       Invisible         |       |       |     1 |     6 |     9 |    41 |    33 |    24 |    60 ||   174
       Paralysed         |       |       |       |    12 |    23 |    41 |    40 |    27 |    11 ||   154
       Sleeping          |       |       |       |       |       |    10 |     3 |     7 |     6 ||    26
       Confused          |       |       |       |       |       |       |     2 |       |       ||     2
       Held in net/web   |       |       |       |       |       |       |       |       |     2 ||     2
  Eat: Chunk             |       |    10 |    11 |    32 |    24 |    26 |    50 |    27 |    11 ||   191
       Beef jerky        |       |     1 |     1 |       |     2 |     3 |       |       |       ||     7
       Royal jelly       |       |       |       |     1 |       |     1 |       |       |       ||     2
       Meat ration       |       |       |       |       |     3 |     5 |     1 |     6 |     7 ||    22
       Bread ration      |       |       |       |       |       |     3 |     5 |     4 |     6 ||    18
       Fruit             |       |       |       |       |       |     2 |     2 |     6 |    10 ||    20
       Pizza             |       |       |       |       |       |       |       |     1 |       ||     1
